 Dungeon Crawl Stone Soup version 0.30-b1-2-g02819fbbbe (webtiles) character file.

Game seed: 948051741729442387

6458 Mesmaeker13 the Fighter (level 10, 0/86 HPs)
             Began as a Barachi Hunter on Sept 12, 2023.
             Slain by an orc wizard
             ... wielding a +0 dagger
              (1 damage)
             ... on level 9 of the Dungeon.
             The game lasted 00:14:31 (8051 turns).

Mesmaeker13 the Fighter (Barachi Hunter)            Turns: 8051, Time: 00:14:32

Health: 0/86       AC:  8    Str: 12    XL:     10   Next: 99%
Magic:  10/10      EV: 14    Int: 13    God:
Gold:   449        SH:  5    Dex: 17    Spells: 9/9 levels left

rFire   + . .        s - +10 war axe of Zoqure {speed, rN+}
rCold   . . .        (no shield)
rNeg    + + .        w - +2 leather armour {rF+}
rPois   .            r - +0 helmet
rElec   .            J - +0 cloak
rCorr   .            (no gloves)
SInv    +            (no boots)
Will    .....        k - amulet of reflection
Stlth   ++           p - ring of see invisible
HPRegen 0.34/turn    o - ring of positive energy
MPRegen 0.12/turn

%: reflection
@: mighty, slow
A: amphibious, slowness 1, strong legs 1, +LOS
a: Hop


You were on level 9 of the Dungeon.
You visited 1 branch of the dungeon, and saw 9 of its levels.

You collected 449 gold pieces.

Inventory:

Hand Weapons
 a - a +1 shortbow
 s - the +10 war axe of Zoqure (weapon) {speed, rN+}
   (You took it off an orc on level 5 of the Dungeon)

   rN:        It protects you from negative energy.
Missiles
 d - 11 poisoned darts
 u - a throwing net
 K - 4 javelins
Armour
 j - a +3 scale mail
 r - a +0 helmet (worn)
 w - a +2 leather armour of fire resistance (worn)
 J - a +0 cloak (worn)
Jewellery
 k - an amulet of reflection (around neck)
 o - a ring of positive energy (right hand)
 p - a ring of see invisible (left hand)
 x - a ring of protection from cold
Wands
 y - a wand of roots (2)
 z - a wand of quicksilver (2)
 E - a wand of charming (7)
Scrolls
 b - 3 scrolls of immolation
 c - a scroll of teleportation
 e - 2 scrolls of vulnerability {unknown}
 f - a scroll of enchant weapon
 l - a scroll of summoning {unknown}
 m - a scroll of blinking {unknown}
 q - a scroll of magic mapping {unknown}
 t - a scroll of enchant armour {unknown}
 D - 2 scrolls of poison {unknown}
 H - a scroll of amnesia {unknown}
 I - a scroll of torment {unknown}
Potions
 g - 2 potions of might
 h - a potion of berserk rage {unknown}
 i - a potion of resistance {unknown}
 n - 6 potions of attraction
 v - 2 potions of flight {unknown}
 A - a potion of degeneration {unknown}
 B - 3 potions of mutation {unknown}
 C - 4 potions of magic {unknown}
 F - a potion of haste
 G - a potion of ambrosia {unknown}
 L - a potion of curing


   Skills:
 + Level 10.3 Fighting
 + Level 7.8 Axes
 + Level 9.4 Ranged Weapons
 + Level 8.7 Armour
 - Level 5.0 Dodging
 - Level 0.8 Stealth
 - Level 0.5 Evocations


You had 9 spell levels left.
You didn't know any spells.
Your spell library contained the following spells:

 Spells                   Type           Power      Damage    Failure   Level
 Magic Dart               Conj           0%         1d3       36%         1
 Call Imp                 Summ           0%         N/A       50%         2
 Mephitic Cloud           Conj/Pois/Air  0%         N/A       75%         3
 Passage of Golubria      Tloc           0%         N/A       98%         4
 Silence                  Hex/Air        0%         N/A       100%        5
 Lehudib's Crystal Spear  Conj/Erth      0%         10d2      100%        8


Dungeon Overview and Level Annotations

Branches:
Dungeon (9/15)
 Temple: D:4-7         Lair: D:8-11         Orc: D:9-12

Altars:
Dithmenos
Makhleb
Okawaru
Qazlal
Ru
Sif Muna

Shops:
D:8 ?

Annotations:
D:3 3 runed translucent doors, Cris's ghost, weakling DsCj
D:4 5 exclusions, Eustachio
D:5 phunky83's ghost, novice DrCK


Innate Abilities, Weirdness & Mutations

You are amphibious.
You cover ground slowly.
You can hop short distances.
You have an extended range of vision and can be seen from far away.


Message History

You block the orc warrior's attack. The orc warrior closely misses you.
You slash the cyclops!
The cyclops is heavily wounded.
You hit the orc warrior. You slash the orc warrior! The cyclops hits you!!
You hit the cyclops.
The cyclops is heavily wounded.
You hit the orc warrior but do no damage.
You hit the orc warrior. You block the orc warrior's attack.
The orc wizard gestures wildly while chanting.
The orc wizard flickers and vanishes for a moment.
The orc warrior barely misses you. The cyclops barely misses you.
You feel very mighty all of a sudden. You block the orc warrior's attack.
The orc warrior closely misses you.
You slash the cyclops!
The cyclops is severely wounded.
You slash the orc warrior! x2
The orc warrior hits you with a +0 dire flail.
The orc warrior hits you with a +0 short sword!
The cyclops hits you!!
You closely miss the orc warrior.
The orc warrior is almost dead.
You slash the cyclops! You hit the orc warrior.
The orc warrior hits you with a +0 short sword!
* * * LOW HITPOINT WARNING * * *
The orc warrior attacks as you move away!
The orc warrior hits you with a +0 short sword.
* * * LOW HITPOINT WARNING * * *
You block the cyclops's attack. The orc wizard misses you.
The orc warrior hits you with a +0 dire flail!
* * * LOW HITPOINT WARNING * * *
Unknown command.
You slice the cyclops!!
You kill the cyclops!
You slash the orc warrior! x2
You kill the orc warrior!
You closely miss the orc wizard.
The orc warrior hits you with a +0 short sword!
* * * LOW HITPOINT WARNING * * *
The orc wizard hits you with a +0 dagger.
You die...

......+#.. . ......#
..###. ......# #...#
....#.#.##...##.# .#
....#.#....#....# ..
....#.#####'#########'###
....#....................
....#'####'#####(....###.
...............o@o.......
.....###...[...).####.$..
.....# #.........#
.....###.........##
......))..<........
####################


You could see an orc warrior and an orc wizard (invisible).

Vanquished Creatures
  3 two-headed ogres
  A cyclops (D:9)
  An unseen horror (D:6)
  Prince Ribbit (D:7)
  A wyvern (D:6)
  A wraith (D:9)
  A steam dragon (D:7)
  Menkaure (D:7)
  3 water moccasins
  Duvessa (D:7)
  4 orc warriors
  7 ice beasts
  2 black bears (D:8)
  An ogre (D:4)
  2 centaurs
  2 bullfrogs
  A gnoll sergeant (D:8)
  3 scorpions
  3 wights (D:6)
  Dowan (D:7)
  6 killer bees
  2 howler monkeys
  4 hounds
  A jelly (D:5)
  4 orc priests
  Terence (D:3)
  A sleepcap (D:6)
  4 iguanas
  14 orc wizards
  Robin (D:2)
  3 gnolls (D:2)
  4 adders
  2 shadow imps
  A white imp (D:6)
  2 worms
  3 dart slugs (D:1)
  29 orcs
  2 bats
  6 endoplasms
  2 giant cockroaches
  11 goblins
  8 hobgoblins
  4 jackals (D:2)
  7 kobolds
  13 ball pythons
  4 frilled lizards
  7 rats
186 creatures vanquished.

Vanquished Creatures (others)
  2 killer bees (D:8)
2 creatures vanquished.

Grand Total: 188 creatures vanquished

Notes
Turn   | Place    | Note
-------+----------+-------------------------------------------
     0 | D:1      | Mesmaeker13 the Barachi Hunter began the quest for the Orb.
     0 | D:1      | Reached XP level 1. HP: 17/17 MP: 1/1
   115 | D:1      | Reached XP level 2. HP: 23/23 MP: 2/2
   208 | D:1      | Reached skill level 3 in Fighting
   246 | D:1      | Reached XP level 3. HP: 29/29 MP: 3/3
   870 | D:2      | Noticed Robin
  1211 | D:2      | Reached XP level 4. HP: 35/35 MP: 4/4
  1852 | D:2      | Killed Robin
  2145 | D:3      | Noticed Terence
  2165 | D:3      | Killed Terence
  2166 | D:3      | Reached skill level 4 in Fighting
  2166 | D:3      | Reached XP level 5. HP: 17/42 MP: 5/5
  2311 | D:3      | Found Taceocs's Weapon Boutique.
  2522 | D:3      | Noticed Cris's ghost (weakling DsCj)
  2524 | D:3      | Found a runed translucent gate.
  2524 | D:3      | Found a runed translucent gate.
  2524 | D:3      | Found a runed translucent gate.
  2779 | D:4      | Reached skill level 5 in Ranged Weapons
  2858 | D:4      | Found a sacrificial altar of Ru.
  2903 | D:4      | Noticed an ogre
  2911 | D:4      | Killed an ogre
  2912 | D:4      | Reached XP level 6. HP: 49/49 MP: 6/6
  3087 | D:4      | Noticed Eustachio
  3316 | D:4      | Reached skill level 5 in Fighting
  3580 | D:5      | Entered Level 5 of the Dungeon
  3622 | D:5      | Reached XP level 7. HP: 56/56 MP: 7/7
  3630 | D:5      | Reached skill level 5 in Dodging
  3710 | D:5      | Identified the +10 war axe of Zoqure {speed, rN+}
  4123 | D:5      | Reached skill level 1 in Armour
  4229 | D:6      | Reached skill level 1 in Axes
  4400 | D:6      | Reached skill level 6 in Fighting
  4414 | D:6      | Reached XP level 8. HP: 64/64 MP: 8/8
  4451 | D:6      | Found a runed translucent gate.
  4462 | D:6      | Noticed a wyvern
  4462 | D:6      | Noticed an unseen horror
  4463 | D:6      | Noticed phunky83's ghost (novice DrCK)
  4858 | D:6      | Found a runed translucent gate.
  4858 | D:6      | Found a runed translucent gate.
  5065 | D:6      | Reached skill level 7 in Fighting
  5270 | D:7      | Found a stormy altar of Qazlal.
  5316 | D:7      | Noticed Menkaure
  5333 | D:7      | Killed Menkaure
  5334 | D:7      | Reached XP level 9. HP: 43/72 MP: 9/9
  5385 | D:7      | Reached skill level 5 in Armour
  5444 | D:7      | Found a shimmering blue altar of Sif Muna.
  5467 | D:7      | Noticed Duvessa
  5478 | D:7      | Killed Duvessa
  5480 | D:7      | Noticed Dowan
  5486 | D:7      | Killed Dowan
  5616 | D:7      | Noticed Prince Ribbit
  5648 | D:7      | Killed Prince Ribbit
  5649 | D:7      | Reached skill level 8 in Fighting
  5649 | D:7      | Reached skill level 5 in Axes
  6143 | D:8      | Found a shadowy altar of Dithmenos.
  6167 | D:8      | Noticed a two-headed ogre
  6744 | D:8      | Killed a two-headed ogre
  6745 | D:8      | Reached skill level 9 in Fighting
  6745 | D:8      | Reached XP level 10. HP: 71/83 MP: 10/10
  6785 | D:8      | Noticed a two-headed ogre
  6795 | D:8      | Killed a two-headed ogre
  6863 | D:8      | Found a burning altar of Makhleb.
  7268 | D:8      | Found Faamma's Magic Scroll Boutique.
  7309 | D:8      | Found an iron altar of Okawaru.
  7666 | D:6      | Killed an unseen horror
  7667 | D:6      | Reached skill level 10 in Fighting
  7933 | D:9      | Noticed a two-headed ogre
  7943 | D:9      | Killed a two-headed ogre
  8033 | D:9      | Noticed a cyclops
  8051 | D:9      | Killed a cyclops
  8051 | D:9      | HP: 1/86 [orc warrior/+0 short sword (9)]
  8051 | D:9      | Slain by an orc wizard

Illustrated notes

Levels and vault maps discovered:
D:1:      dpeg_arrival_tiny_a, layout_basic, minmay_pentomino_u4
D:2:      layout_basic, uniq_robin
D:3:      layout_rooms, serial_shops, shop_fountains, gammafunk_ghost_split,
          minivault_26, kennysheep_path_1, supply_closet_lemuel, uniq_terence
D:4:      layout_loops_ring, nicolae_ru_path_of_blood, uniq_eustachio
D:5:      layout_cave_pools, minmay_temple_entry_from_below_a
D:6:      minmay_octagon_keep, layout_cave_pools, gammafunk_ghost_split
D:7:      layout_cave_pools, nicolae_sif_muna_condensation,
          nicolae_qazlal_general_emergency, uniq_duvessa, uniq_menkaure,
          uniq_prince_ribbit1
D:8:      minmay_flawed_box, layout_loops_cross,
          mainiacjoe_overflow_concentric_impassable,
          mainiacjoe_overflow_alcove_1, general_overflow_altar, serial_shops,
          nicolae_square_shop, minmay_circle_x
D:9:      minmay_the_grid_4x2 [minmay_the_grid_holed_spiral,
          minmay_the_grid_outer_diamond, minmay_the_grid_doors,
          minmay_the_grid_box_x, minmay_the_grid_odd_star,
          minmay_the_grid_square_x, minmay_the_grid_zigzag_pyramid,
          minmay_the_grid_prize_four_corners_diamond_b], layout_stronghold,
          grunt_gozag_statues, yredelemnul_altar_generic,
          nzn_wu_jian_council_hall, enter_bailey_4

Skill      XL: |  1  2  3  4  5  6  7  8  9 10 |
---------------+-------------------------------+-----
Fighting       | 3 4 5 6 7 9 10 | 10.3
Dodging        | 3 4 5 |  5.0
Ranged Weapons | 5 6 7 8 9 |  9.4
Armour         | 2 4 7 8 |  8.7
Axes           | 2 4 6 7 |  7.8
Stealth        | |  0.8
Evocations     | |  0.5

Action                     |  1- 3 |  4- 6 |  7- 9 | 10-12 || total
---------------------------+-------+-------+-------+-------++-------
  Melee: Falchion          |       |    12 |       |       ||    12
         War axe           |       |       |    83 |    83 ||   166
         Punch             |       |       |     1 |     1 ||     2
   Fire: Shortbow          |    93 |   193 |   263 |    46 ||   595
  Throw: Dart              |       |     3 |       |       ||     3
Ability: Hop               |     1 |     3 |     2 |     1 ||     7
  Evoke: Wand              |       |       |    12 |     2 ||    14
    Use: Scroll            |       |     1 |     4 |     1 ||     6
         Potion            |       |       |     1 |     1 ||     2
 Armour: Leather armour    |     9 |    11 |    40 |    16 ||    76
  Dodge: Dodged            |    13 |    61 |   102 |    58 ||   234
  Block: Other             |       |    18 |    26 |    24 ||    68
         Reflection        |       |     1 |     2 |     1 ||     4
